 Dungeon Crawl Stone Soup version 0.32-a0-886-g41c5271027 (webtiles) character file.

Game seed: 12955754669678925980

303 Elsrick the Ruffian (level 6, -11/52 HPs)
             Began as a Ghoul Monk on Apr 2, 2024.
             Was a Believer of Wu Jian.
             Mangled by a gnoll sergeant
             ... wielding a +0 spear
              (20 damage)
             ... on level 3 of the Dungeon.
             The game lasted 00:07:17 (2265 turns).

Elsrick the Ruffian (Ghoul Monk)                    Turns: 2265, Time: 00:07:18

Health: -11/52     AC:  3    Str: 15    XL:     6   Next: 38%
Magic:  6/6        EV: 12    Int:  9    God:    Wu Jian [**....]
Gold:   152        SH:  0    Dex: 13    Spells: 5/5 levels left

rFire   . .          .
                       - Unarmed
rCold   + . .        m - orb {mayhem}
rNeg    + + +        a - +0 robe
rPois   ∞            (no helmet)
rElec   .            j - +0 cloak
rCorr   .            (no gloves)
SInv    .            (no boots)
Will    .....        (no amulet)
Stlth   ++           (no ring)
HPRegen 0.00/turn    (no ring)
MPRegen 0.10/turn

%: mayhem
@: inhibited regen
A: claws 1, cold resistance 1, negative energy resistance 3, inhibited
regeneration, torment resistance 2, devour on kill
a: Renounce Religion, Wall Jump


You were on level 3 of the Dungeon.
You worshipped Wu Jian.
Wu Jian was pleased with you.
You visited 1 branch of the dungeon, and saw 3 of its levels.

You collected 152 gold pieces.

Inventory:

Hand Weapons
 i - a +3 dagger of flaming
Missiles
 g - 2 poisoned darts (quivered)
Armour
 a - a +0 robe (worn)
 c - an orb of light
 j - a +0 cloak (worn)
 m - an orb of mayhem (worn)
Talismans
 d - a serpent talisman
Scrolls
 e - a scroll of fear {unknown}
 h - 3 scrolls of identify {unknown}
 k - a scroll of revelation {unknown}
 n - a scroll of vulnerability {unknown}
 p - a scroll of noise {unknown}
Potions
 b - a potion of ambrosia
 f - a potion of berserk rage {unknown}
 l - a potion of magic {unknown}
 o - 2 potions of curing {unknown}


   Skills:
 + Level 4.2 Fighting
 + Level 0.1 Throwing
 + Level 3.9 Dodging
 + Level 1.7 Stealth
 + Level 5.9 Unarmed Combat


You had 5 spell levels left.
You didn't know any spells.
Your spell library was empty.

Dungeon Overview and Level Annotations

Branches:
Dungeon (3/15)

Altars:
Dithmenos
Kikubaaqudgha
Wu Jian

Annotations:
D:2 Sigmund


Innate Abilities, Weirdness & Mutations

You are immune to poison.
You have sharp fingernails.
Your flesh is cold resistant. (rC+)
You are immune to negative energy. (rN+++)
You do not regenerate when monsters are visible.
You are immune to unholy pain and torment.
You thrive by killing the living.


Message History

The gnoll sergeant is moderately wounded.
You scratch the gnoll sergeant.
The gnoll sergeant is moderately wounded.
You repeatedly attack the gnoll from above.
You scratch the gnoll.
The gnoll is moderately wounded.
You claw the gnoll!
You kill the gnoll!
The Council accepts your kill.
The gnoll sergeant flies into a frenzy!
The gnoll sergeant splashes around in the water.
An orc priest comes into view. It is wielding a +0 whip.
The gnoll sergeant splashes around in the water.
The orc priest miscasts a cantrip.
The gnoll sergeant hits you with a +0 spear!!
The gnoll sergeant closely misses you.
The gnoll sergeant shouts!
The gnoll sergeant hits you from afar with a +0 spear.
The gnoll sergeant attacks as it pursues you!
The gnoll sergeant hits you from afar with a +0 spear.
The gnoll sergeant shouts!
The gnoll sergeant barely misses you. The gnoll sergeant closely misses you.
The gnoll sergeant shouts!
The gnoll sergeant attacks as it pursues you!
The gnoll sergeant hits you from afar with a +0 spear!
* * * LOW HITPOINT WARNING * * *
You hear a shout!
The gnoll sergeant shouts!
The gnoll sergeant hits the orc from afar with a +0 spear!!
The orc dies!
The Council accepts your kill.
An orc comes into view. It is wielding a +0 short sword.
You lunge at the gnoll sergeant, in a flurry of attacks.
You scratch the gnoll sergeant.
The gnoll sergeant is heavily wounded.
You scratch the gnoll sergeant.
The gnoll sergeant is heavily wounded.
The gnoll sergeant hits you with a +0 spear!!
You die...

P~≈#...#############''''#########
.~≈#.o.#...............o.........
.~≈#####≈~~~~≈~~~~~~....~~~~~~≈≈~
.≈≈≈≈≈≈≈~≈~≈≈≈≈≈≈≈≈≈)..))≈≈≈≈≈≈≈≈
.≈~~~≈~~~~~~~~~~~~~~....~~~~~~~~≈
....................o............
#########>........)..............
#.....#...........###....
#.##..#.@g......÷..##.##.
#.....#..........#.##.##.
#####.#......))..#.##.###
..............÷#.......
............÷..####....
#.............).........
#.........#..###########
#.........#..# ## #.....#...#..##
#.


You could see an orc priest, an orc and a neutral gnoll sergeant (fast, strong,
frenzied).

Vanquished Creatures
  A howler monkey (D:3)
  A hound (D:3)
  2 orc priests (D:3)
  Terence (D:2)
  2 gnolls (D:3)
  2 adders (D:2)
  3 orcs (D:3)
  3 endoplasms
  2 giant cockroaches
  3 goblins
  13 hobgoblins
  8 jackals (D:3)
  3 quokkas
  10 ball pythons
  5 bats
  A frilled lizard (D:3)
  8 kobolds
  4 rats
72 creatures vanquished.

Vanquished Creatures (collateral kills)
  A hound (D:3)
  An orc (D:3)
  4 jackals (D:3)
6 creatures vanquished.

Vanquished Creatures (others)
  An orc (D:3)
1 creature vanquished.

Grand Total: 79 creatures vanquished

Notes
Turn   | Place    | Note
-------+----------+-------------------------------------------
     0 | D:1      | Elsrick the Ghoul Monk began the quest for the Orb.
     0 | D:1      | Reached XP level 1. HP: 19/19 MP: 1/1
   156 | D:1      | Reached XP level 2. HP: 26/26 MP: 2/2
   494 | D:1      | Found a faded altar of an unknown god.
   546 | D:1      | Reached XP level 3. HP: 33/33 MP: 3/3
   829 | D:2      | Reached skill level 4 in Unarmed Combat
  1058 | D:2      | Reached XP level 4. HP: 40/40 MP: 4/4
  1096 | D:2      | Noticed Terence
  1109 | D:2      | Killed Terence
  1298 | D:2      | Noticed Sigmund
  1403 | D:3      | Found an ornate altar of the Wu Jian Council.
  1414 | D:3      | Became a worshipper of the Wu Jian Council
  1414 | D:3      | Reached * piety under Wu Jian
  1414 | D:3      | Reached ** piety under Wu Jian
  1790 | D:3      | Found an ancient bone altar of Kikubaaqudgha.
  1833 | D:3      | Found a shadowy altar of Dithmenos.
  1840 | D:3      | Reached skill level 1 in Stealth
  1840 | D:3      | Reached skill level 5 in Unarmed Combat
  1840 | D:3      | Reached XP level 5. HP: 46/46 MP: 5/5
  2048 | D:3      | Reached XP level 6. HP: 29/52 MP: 6/6
  2265 | D:3      | Mangled by a gnoll sergeant

Illustrated notes

Levels and vault maps discovered:
D:1:      reono_arrival_forest_river, layout_loops_cross,
          ebering_ecumenical_altar_abandoned, roderic_serpentine_path
D:2:      layout_basic, uniq_terence, uniq_sigmund, uniq_jessica
D:3:      lemuel_castle_with_subvaults [lemuel_castle_interior_carwin_3],
          layout_basic, mainiacjoe_overflow_concentric_impassable,
          nicolae_overflow_crystal_walls, nicolae_wu_jian_wuxing_cycle,
          minmay_fractal_squares_5

Skill      XL: |  1  2  3  4 |
---------------+-------------+-----
Dodging        | 3 |  3.9
Unarmed Combat | 4 5 |  5.9
Fighting       | 4 |  4.2
Stealth        | 1 |  1.7
Throwing       | |  0.1

Action                     |  1- 3 |  4- 6 || total
---------------------------+-------+-------++-------
  Melee: Unarmed           |    87 |   117 ||   204
  Throw: Dart              |       |     2 ||     2
Ability: Lunge             |       |     5 ||     5
         Whirlwind         |       |     4 ||     4
         Wall Jump         |       |     3 ||     3
   Stab: Sleeping          |       |     2 ||     2
 Armour: Robe              |    41 |    55 ||    96
  Dodge: Dodged            |    47 |    67 ||   114

Table legend: (Time is in decaauts)
 A = Elapsed time spent in this place.
 B = Non-inter-level travel time spent in this place.
 C = Inter-level travel time spent in this place.
 D = Time resting spent in this place.
 E = Time spent auto-exploring this place.
 F = Levels seen in this place.
 G = Mean time per level.
                   A        B        C        D        E       F      G
               +--------+--------+--------+--------+--------+-----+--------+
         Total |   2260 |   2260 |      0 |    372 |   1290 |   3 |  753.3 |
       Dungeon |   2260 |   2260 |      0 |    372 |   1290 |   3 |  753.3 |
               +--------+--------+--------+--------+--------+-----+--------+

Top non-repeatable levels by time:
     D:3: 930 daAuts
     D:1: 800 daAuts
     D:2: 529 daAuts
